 Dungeon Crawl Stone Soup version 0.29-a0-341-g24ffce5b50 (webtiles) character file.

Game seed: 4786642901084347131

38 Kuwacapybara the Ruffian (level 3, 0/36 HPs)
             Began as a Troll Monk on Apr 20, 2022.
             Succumbed to a goblin's poison
             ... on level 3 of the Dungeon.
             The game lasted 00:09:38 (905 turns).

Kuwacapybara the Ruffian (Troll Monk)                Turns: 905, Time: 00:09:39

Health: 0/36       AC:  4    Str: 21    XL:     3   Next: 25%
Magic:  2/2        EV: 10    Int:  6    God:
Gold:   37         SH:  0    Dex: 12    Spells: 2/2 levels left

rFire   . . .      SeeInvis .     - Unarmed
rCold   . . .      Faith    .   (no shield)
rNeg    . . .      Spirit   .   k - +0 robe
rPois   .          Reflect  .   (helmet restricted)
rElec   .          Harm     .   (no cloak)
rCorr   .          Rampage  .   (gloves unavailable)
Will    .....                   (boots unavailable)
Stlth   ++........              (no amulet)
HPRegen 0.92/turn               (no ring)
MPRegen 0.08/turn               (no ring)

@: lethally poisoned (0 -> -13)
A: large, unfitting armour, claws 3, regeneration 1, shaggy fur 1, tough skin 1
a: no special abilities


You were on level 3 of the Dungeon.
You visited 1 branch of the dungeon, and saw 3 of its levels.

You collected 37 gold pieces.

Inventory:

Armour
 a - a +0 robe
 k - a +0 robe (worn)
Jewellery
 h - a ring of protection from fire
Scrolls
 e - a scroll of immolation {unknown}
 f - a scroll of summoning {unknown}
 g - 2 scrolls of teleportation {unknown}
 i - a scroll of fog {unknown}
 j - a scroll of blinking {unknown}
 l - a scroll of identify {unknown}
Potions
 b - a potion of ambrosia
 c - a potion of attraction {unknown}
 d - 2 potions of curing {unknown}
 m - a potion of haste


   Skills:
 + Level 2.7 Fighting
 + Level 2.7 Dodging
 + Level 1.3 Stealth
 + Level 3.4 Unarmed Combat


You had 2 spell levels left.
You didn't know any spells.
Your spell library contained the following spells:

 Spells                   Type           Power      Damage    Failure   Level
 Ozocubu's Armour         Ice            0%         N/A       83%         3
 Ozocubu's Refrigeration  Ice            0%         4d5       100%        7


Dungeon Overview and Level Annotations

Branches:
Dungeon (3/15)

Altars:
Yredelemnul


Innate Abilities, Weirdness & Mutations

You are too large for most types of armour.
You have claws for hands.
Your natural rate of healing is unusually fast.
You are covered in fur. (AC +1)
You have tough skin. (AC +1)


Message History

A rat comes into view.
A goblin comes into view. It is wielding a +2 dagger of venom.
You see here 12 gold pieces.
The goblin shouts!
You scratch the jackal but do no damage.
The jackal bites you but does no damage.
The jackal barely misses you.
The goblin drinks a potion.
The goblin seems to speed up.
You barely miss the jackal.
The jackal bites you but does no damage.
A hobgoblin comes into view.
You claw the jackal!
You kill the jackal!
You see here a jackal corpse.
You scratch the rat.
The rat is moderately wounded.
You scratch the goblin.
The goblin is severely wounded.
The goblin hits you with a +2 dagger of venom.
You are poisoned.
The rat bites you.
The goblin hits you with a +2 dagger of venom.
You are more poisoned.
You miss the goblin.
The goblin is severely wounded.
You feel very sick. The rat bites you but does no damage.
The goblin hits you with a +2 dagger of venom.
You are lethally poisoned!
You closely miss the rat.
You feel extremely sick. The goblin hits you but does no damage.
The rat bites you.
* * * LOW HITPOINT WARNING * * *
You claw the goblin!
You kill the goblin!
* * * LOW HITPOINT WARNING * * *
You feel extremely sick. The rat misses you.
You closely miss the rat.
You die...

#....<....###
##......†...# ......
#.......).#.# ###......
#(........#...........#
#........†#####........
#.............#........
#.........#............
##........#....rg......
##.....#.#.#.$@)......
#######.#.##.........
#.#.[##........ #.###
##....... #...# .......
#.....# .......
######.# ......# #..
..###.. #.#


You could see a hobgoblin and a rat.

Vanquished Creatures
  An adder (D:3)
  3 orcs (D:3)
  A ball python (D:2)
  2 bats (D:2)
  2 endoplasms
  A giant cockroach (D:2)
  A hobgoblin (D:2)
  2 jackals (D:3)
  5 kobolds
  2 frilled lizards (D:2)
  2 goblins
  2 rats
24 creatures vanquished.

Notes
Turn   | Place    | Note
-------+----------+-------------------------------------------
     0 | D:1      | Kuwacapybara the Troll Monk began the quest for the Orb.
     0 | D:1      | Reached XP level 1. HP: 22/22 MP: 0/0
   453 | D:2      | Reached XP level 2. HP: 29/29 MP: 1/1
   748 | D:3      | Found a basalt altar of Yredelemnul.
   864 | D:3      | Reached XP level 3. HP: 34/36 MP: 2/2
   905 | D:3      | Succumbed to a goblin's poison

Illustrated notes

Levels and vault maps discovered:
D:1:      amcnicky_arrival_choice, layout_loops_cross
D:2:      layout_loops_corners, minmay_quantized
D:3:      layout_rooms, lemuel_tele_altar, minmay_cut_off, uniq_jessica

Action                   || total
-------------------------++-------
Melee: Unarmed           ||    58
       Punch             ||     1
Armor: Robe              ||    21
Dodge: Dodged            ||    33

Table legend: (Time is in decaauts)
 A = Elapsed time spent in this place.
 B = Non-inter-level travel time spent in this place.
 C = Inter-level travel time spent in this place.
 D = Time resting spent in this place.
 E = Time spent auto-exploring this place.
 F = Levels seen in this place.
 G = Mean time per level.
                   A        B        C        D        E       F      G
               +--------+--------+--------+--------+--------+-----+--------+
         Total |    900 |    170 |    730 |      0 |      0 |   3 |  300.0 |
       Dungeon |    900 |    170 |    730 |      0 |      0 |   3 |  300.0 |
               +--------+--------+--------+--------+--------+-----+--------+

Top non-repeatable levels by time:
     D:2: 721 daAuts
     D:3: 171 daAuts
     D:1: 8 daAuts
